 Dungeon Crawl Stone Soup version 0.28-a0-779-g3d1f99b579 (webtiles) character file.

Game seed: 11298027151632402101

321 cheechan the Skirmisher (level 6, -11/57 HPs)
             Began as a Naga Fighter on Nov 2, 2021.
             Was an Initiate of Okawaru.
             Mangled by an orc warrior (17 damage)
             ... on level 5 of the Dungeon.
             The game lasted 00:15:50 (4182 turns).

cheechan the Skirmisher (Naga Fighter)              Turns: 4182, Time: 00:15:50

Health: -11/57     AC:  5    Str: 21    XL:     6   Next: 46%
Magic:  6/6        EV:  8    Int:  8    God:    Okawaru [......]
Gold:   129        SH:  6    Dex: 10    Spells: 5/5 levels left

rFire   + + .      SeeInvis +   i - +2 dagger (venom)
rCold   + . .      Faith    .   c - +2 buckler
rNeg    . . .      Spirit   .   b - +0 scale mail
rPois   +          Reflect  .   (helmet restricted)
rElec   .          Harm     .   t - scarf {rC+ rF+}
rCorr   .          Rampage  .   (no gloves)
Will    .....                   (no barding)
Stlth   ..........              (no amulet)
HPRegen 0.19/turn               g - ring of protection from fire
MPRegen 0.10/turn               (no ring)

@: short of breath, studying Polearms, unable to read, very slow
A: AC +2, large, see invisible, deformed body, poison resistance, slowness 2,
spit poison 1, naga tail 1, beak, stinger 1, screaming 1, inability to read
while threatened
a: Spit Poison, Renounce Religion


You were on level 5 of the Dungeon.
You worshipped Okawaru.
Okawaru was noncommittal.
You visited 2 branches of the dungeon, and saw 6 of its levels.

You collected 129 gold pieces.

Inventory:

Hand Weapons
 a - a +0 long sword
 i - a +2 dagger of venom (weapon)
 r - a +2 dagger of speed
Missiles
 f - 4 boomerangs
 j - 60 arrows
 l - 41 bolts
 n - 19 poisoned darts
Armour
 b - a +0 scale mail (worn)
 c - a +2 buckler (worn)
 h - a +0 helmet
 k - a scarf of invisibility
 m - a +0 cloak
 q - a +0 kite shield
 t - a scarf of resistance (worn)
Jewellery
 g - a ring of protection from fire (left hand)
Wands
 p - a wand of iceblast (13)
Scrolls
 e - 3 scrolls of amnesia
Potions
 d - a potion of might
 o - 2 potions of brilliance


   Skills:
 + Level 4.1 Fighting
 + Level 2.5(3.0) Short Blades
 + Level 2.3(2.9) Long Blades
 + Level 3.5 Armour
 + Level 0.8 Dodging
 + Level 1.3 Stealth
 + Level 3.4 Shields


You had 5 spell levels left.
You didn't know any spells.
Your spell library contained the following spells:

 Spells                   Type           Power      Damage    Failure   Level
 Passage of Golubria      Tloc           0%         N/A       100%        4
 Yara's Violent Unravell  Hex/Tmut       0%         3d3       100%        5
 Summon Small Mammal      Summ           Unusable   N/A       N/A         1
 Call Canine Familiar     Summ           Unusable   N/A       N/A         3
 Summon Guardian Golem    Hex/Summ       Unusable   N/A       N/A         3
 Tukima's Dance           Hex            Unusable   N/A       N/A         3

Dungeon Overview and Level Annotations

Branches:
Dungeon (5/15)             Temple (1/1) D:4

Altars:
Ashenzari
Dithmenos
Elyvilon
Fedhas
Gozag
Kikubaaqudgha
Makhleb
Nemelex Xobeh
Okawaru
Ru
Sif Muna
Vehumet
Xom
Yredelemnul
The Shining One


Innate Abilities, Weirdness & Mutations

Your serpentine skin is tough. (AC +2)
You have supernaturally acute eyesight. (SInv)
Armour fits poorly on your strangely shaped body.
Your system is resistant to poisons. (rPois)
You cover ground very slowly.
You can spit poison.
You have a snake-like lower body.
You have a beak for a mouth.
Your tail ends in a venomous barb.
You occasionally shout uncontrollably at your foes.
You sometimes lose the ability to read scrolls when taking damage.


Message History

You block the ball python's attack.
You hit the ball python.
You kill the ball python!
Okawaru accepts your kill.
You see here a ball python corpse.
You see here 19 stones.
You see here a ball python corpse.
Things that are here:
a +0 robe; a +0 dagger You see here a +0 dagger.
There is a stone staircase leading down here.
You climb downwards.
There is a stone staircase leading up here.
An orc comes into view. It is wielding a +0 hand axe.
The orc shouts!
An orc warrior comes into view. It is wielding a +0 halberd.
The orc warrior shouts!
The orc warrior hits you with a +0 halberd!!
You hit the orc warrior but do no damage.
The orc warrior is poisoned.
The orc warrior hits you with a +0 halberd!
You feel threatened and lose the ability to read scrolls!
You hit the orc warrior.
The orc warrior is lightly wounded.
The orc warrior hits you with a +0 halberd!
You hit the orc warrior.
The orc warrior looks as sick as possible!
You peck the orc warrior.
The orc warrior is moderately wounded.
The orc warrior hits you with a +0 halberd!
* * * LOW HITPOINT WARNING * * *
Okay, then.
You cannot read scrolls in your current state!
Abil: Spit Poison
Press: ? - help, Q - select action, (/) - cycle Shift-Dir - straight line, f - orc warrior
Aim: an orc warrior, wielding a +0 halberd and wearing a +0 chain mail (moderately wounded, extremely poisoned)
The splash of poison hits the orc warrior.
The orc warrior is heavily wounded.
The orc warrior hits you with a +0 halberd!
You die...

##### #..<#
#.### #.# #.#
####.######.#
.....oo@....#
##.#.########


You could see an orc warrior (extremely poisoned) and an orc.

Vanquished Creatures
  An ogre (D:4)
  A jelly (D:4)
  A centaur skeleton (D:4)
  2 orc wizards
  3 adders
  2 worms
  9 orcs
  9 ball pythons
  7 endoplasms
  3 giant cockroaches
  10 goblins
  6 hobgoblins
  4 jackals (D:4)
  6 kobolds
  4 quokkas
  8 bats
  9 frilled lizards
  7 rats
92 creatures vanquished.

Vanquished Creatures (others)
  5 plants (D:1)
5 creatures vanquished.

Grand Total: 97 creatures vanquished

Notes
Turn   | Place    | Note
-------+----------+-------------------------------------------
     0 | D:1      | cheechan the Naga Fighter began the quest for the Orb.
     0 | D:1      | Reached XP level 1. HP: 21/21 MP: 1/1
   383 | D:1      | Reached XP level 2. HP: 15/28 MP: 2/2
   890 | D:1      | Reached XP level 3. HP: 27/34 MP: 3/3
  2172 | D:3      | Reached XP level 4. HP: 27/42 MP: 4/4
  2286 | D:3      | Reached skill level 1 in Short Blades
  2381 | D:3      | Reached XP level 5. HP: 49/49 MP: 5/5
  2522 | D:3      | Found an iron altar of Okawaru.
  2735 | D:3      | Gained mutation: Your tail ends in a venomous barb. [potion
                  | of mutation]
  2735 | D:3      | Gained mutation: You occasionally shout uncontrollably at
                  | your foes. [potion of mutation]
  2735 | D:3      | Gained mutation: You sometimes lose the ability to read
                  | scrolls when taking damage. [potion of mutation]
  2735 | D:3      | Gained mutation: You have a beak for a mouth. [potion of
                  | mutation]
  2817 | D:3      | Became a worshipper of Warmaster Okawaru
  2915 | D:3      | Reached skill level 1 in Stealth
  3253 | D:4      | Found a shimmering blue altar of Sif Muna.
  3405 | D:4      | Identified a scroll of acquirement
  3405 | D:4      | Acquired a manual of Polearms
  3423 | D:4      | Found a basalt altar of Yredelemnul.
  3444 | D:4      | Reached skill level 4 in Fighting
  3444 | D:4      | Reached XP level 6. HP: 34/57 MP: 6/6
  3538 | D:4      | Found a staircase to the Ecumenical Temple.
  3819 | Temple   | Entered the Ecumenical Temple
  4167 | D:5      | Entered Level 5 of the Dungeon
  4176 | D:5      | Noticed an orc warrior
  4182 | D:5      | Mangled by an orc warrior

Illustrated notes

Levels and vault maps discovered:
D:1:      dpeg_arrival_castle, layout_loops_corners, minmay_lizard_king
D:2:      layout_basic, minmay_misc_feat_chi
D:3:      layout_basic, kennysheep_flooded_box, corexii_hall_statues_l,
          grunt_ministairs_10, st_stairs_5, kennysheep_generic_room_7
D:4:      layout_cave_pools, yredelemnul_altar_generic, led_sif_pool,
          minmay_temple_entry_wispy
D:5:      layout_basic
Temple:   nicolae_temple_figure_eight

Skill      XL: |  1  2  3  4  5 |
---------------+----------------+-----
Shields        | 3 |  3.4
Short Blades   | 1 2 |  2.5
Armour         | 3 |  3.5
Stealth        | 1 |  1.3
Fighting       | 4 |  4.1
Long Blades    | |  2.3
Dodging        | |  0.8

Action                   |  1- 3 |  4- 6 || total
-------------------------+-------+-------++-------
Melee: Long sword        |    10 |       ||    10
       Dagger            |   120 |   136 ||   256
       Peck              |       |    13 ||    13
Throw: Throwing net      |       |     1 ||     1
 Abil: Spit Poison       |     6 |     6 ||    12
  Use: Scroll            |     6 |     4 ||    10
       Potion            |       |     1 ||     1
Armor: Scale mail        |    62 |    70 ||   132
Dodge: Dodged            |    50 |    48 ||    98
Block: Buckler           |    46 |    54 ||   100

Table legend: (Time is in decaauts)
 A = Elapsed time spent in this place.
 B = Non-inter-level travel time spent in this place.
 C = Inter-level travel time spent in this place.
 D = Time resting spent in this place.
 E = Time spent auto-exploring this place.
 F = Levels seen in this place.
 G = Mean time per level.
                   A        B        C        D        E       F      G
               +--------+--------+--------+--------+--------+-----+--------+
         Total |   5539 |   5534 |      5 |    250 |      0 |   6 |  923.2 |
       Dungeon |   5282 |   5277 |      5 |    250 |      0 |   5 | 1056.4 |
        Temple |    257 |    257 |      0 |      0 |      0 |   1 |  257.0 |
               +--------+--------+--------+--------+--------+-----+--------+

Top non-repeatable levels by time:
     D:1: 1581 daAuts
     D:3: 1413 daAuts
     D:2: 1344 daAuts
     D:4: 924 daAuts
  Temple: 257 daAuts
     D:5: 18 daAuts
